Map: Ice and Chrome LE

Players

MCanning

  • Race: Protoss Protoss
  • Spawn Location: 7:00

Nina - Winner!

  • Race: Protoss Protoss
  • League: Grandmaster
  • Spawn Location: 1:00

Event: DreamHack SC2 Masters 2020 Fall

VOD

Have the link to the VOD?

Description

Time

  • Played on: Sept. 11, 2020, 5:03 p.m.
  • Length: 37:22

All games in this series

Show
View Real Time Build Order
Export as new Build Order

MCanning Protoss 

Build Orders:  

Get SALT Encoding   

  12  0:00  Probe  
  13  0:12  Probe  
  14  0:18  Pylon  
  14  0:24  Probe  
  15  0:36  Probe (Chrono Boost)  
  15  0:38  Gateway  
  16  0:47  Assimilator, Probe (Chrono Boost)  
  17  0:52  Probe (Chrono Boost)  
  17  0:55  Assimilator  
  18  1:03  Probe (Chrono Boost)  
  19  1:12  Gateway  
  19  1:14  Probe (Chrono Boost)  
  20  1:19  Probe (Chrono Boost)  
  21  1:26  Cybernetics Core  
  21  1:29  Probe  
  22  1:38  Pylon  
  22  1:41  Probe  
  23  1:56  Unknown, Probe  
  23  1:57  Unknown x2  
  23  2:00  Warp Gate (Chrono Boost)  
  24  2:02  Adept x2  
  24  2:08  Probe  
  29  2:13  Pylon  
  29  2:22  Pylon  
  29  2:23  Probe  
  30  2:32  Adept  
  30  2:34  Adept  
  34  2:55  Nexus  
  34  3:02  Adept  
  36  3:08  Adept  
  38  3:14  Pylon  
  38  3:19  Probe  
  39  3:25  Shield Battery  
  39  3:32  Probe  
  40  3:46  Adept x2  
  44  3:49  Shield Battery  
  44  3:50  Probe  
  45  3:59  Pylon  
  45  4:03  Stalker  
  45  4:06  Probe  
  49  4:10  Probe (Chrono Boost)  
  49  4:18  Probe (Chrono Boost), Stalker  
  53  4:27  Probe (Chrono Boost)  
  53  4:28  Probe (Chrono Boost)  
  54  4:31  Sentry  
  54  4:36  Probe (Chrono Boost)  
  54  4:38  Twilight Council  
  57  4:39  Probe (Chrono Boost)  
  58  4:49  Stalker  
  61  4:54  Probe (Chrono Boost)  
  61  4:55  Stalker  
  61  4:57  Probe (Chrono Boost)  
  64  5:00  Probe (Chrono Boost)  
  64  5:05  Probe  
  64  5:12  Probe  
  64  5:13  Blink (Chrono Boost)  
  65  5:17  Probe  
  65  5:18  Robotics Facility  
  66  5:24  Forge  
  66  5:29  Probe  
  66  5:33  Pylon  
  65  5:37  Sentry x2  
  65  5:38  Probe  
  70  5:47  Assimilator, Pylon  
  70  5:48  Protoss Ground Weapons Level 1  
  70  5:50  Assimilator  
  70  5:53  Probe  
  71  5:59  Gateway  
  71  6:00  Gateway  
  71  6:01  Stalker  
  71  6:04  Probe  
  74  6:06  Probe  
  74  6:11  Observer (Chrono Boost)  
  76  6:19  Pylon  
  76  6:22  Stalker  
  78  6:27  Pylon  
  78  6:29  Immortal (Chrono Boost)  
  78  6:32  Probe  
  83  6:34  Probe  
  83  6:39  Immortal (Chrono Boost)  
  84  6:44  Probe  
  85  6:47  Robotics Bay  
  85  6:51  Nexus  
  85  6:53  Pylon  
  85  6:56  Probe  
  86  7:03  Immortal (Chrono Boost)  
  86  7:07  Charge  
  88  7:10  Probe  
  87  7:15  Stalker  
  87  7:17  Probe  
  87  7:22  Probe  
  89  7:25  Gateway, Stalker  
  87  7:37  Stalker x2  
  87  7:40  Immortal (Chrono Boost)  
  89  7:47  Dark Shrine, Probe  
  90  7:52  Stalker  
  90  7:58  Protoss Ground Weapons Level 2  
  92  8:01  Stalker  
  92  8:02  Stalker  
  88  8:08  Probe  
  88  8:11  Stalker  
  91  8:15  Disruptor (Chrono Boost)  
  94  8:25  Stalker x2  
  94  8:28  Probe  
  94  8:32  Probe  
  94  8:33  Stalker  
  98  8:42  Shield Battery, Stalker x2  
  102  8:50  Stalker  
  102  8:51  Stalker  
  104  8:58  Disruptor (Chrono Boost)  
  105  9:04  Assimilator  
  105  9:06  Pylon  
  105  9:09  Zealot x2  
  109  9:11  Assimilator  
  109  9:15  Gateway  
  109  9:17  Stalker  
  111  9:19  Probe x2  
  111  9:22  Disruptor (Chrono Boost)  
  111  9:23  Probe  
  115  9:31  Dark Templar  
  115  9:34  Probe x2  
  115  9:36  Photon Cannon  
  119  9:45  Gateway  
  119  9:49  Photon Cannon, Pylon  
  122  9:53  Disruptor (Chrono Boost)  
  122  10:00  Robotics Facility  
  122  10:03  Dark Templar  
  122  10:05  Probe  
  123  10:09  Photon Cannon  
  123  10:12  Pylon  
  123  10:16  Zealot  
  123  10:17  Stalker  
  123  10:18  Stalker  
  129  10:22  Disruptor (Chrono Boost)  
  132  10:30  Probe  
  132  10:33  Protoss Ground Weapons Level 3 (Chrono Boost)  
  130  10:38  Stalker x4  
  138  10:53  Observer (Chrono Boost)  
  139  10:59  Pylon x2  
  139  11:11  Photon Cannon  
  139  11:12  Nexus  
  139  11:13  Pylon  
  139  11:17  Probe  
  142  11:18  Observer (Chrono Boost)  
  142  11:20  Dark Templar  
  142  11:24  Disruptor (Chrono Boost)  
  144  11:28  Probe, Photon Cannon  
  144  11:31  Disruptor (Chrono Boost)  
  145  11:33  Shadow Stride (Chrono Boost), Dark Templar  
  145  11:37  Probe  
  151  11:40  Photon Cannon  
  151  11:41  Shield Battery  
  151  11:45  Zealot x2  
  153  11:53  Stalker x2  
  160  11:56  Disruptor (Chrono Boost)  
  160  11:59  Probe x2  
  162  12:03  Pylon  
  162  12:06  Photon Cannon  
  162  12:07  Disruptor  
  163  12:15  Photon Cannon  
  163  12:16  Probe  
  163  12:19  Shield Battery  
  162  12:33  Zealot x3  
  162  12:34  Zealot  
  166  12:42  Disruptor  
  166  12:43  Disruptor  
  172  12:50  Zealot x3  
  174  12:57  Dark Templar x3  
  174  12:58  Dark Templar  
  179  13:00  Protoss Shields Level 1  
  167  13:18  Disruptor, Stalker x3  
  167  13:19  Disruptor, Observer  
  179  13:26  Photon Cannon  
  179  13:27  Photon Cannon  
  174  13:41  Dark Templar, Probe  
  173  13:42  Dark Templar  
  177  13:50  Pylon  
  177  13:52  Disruptor (Chrono Boost)  
  177  13:53  Assimilator  
  177  13:54  Pylon  
  180  13:57  Assimilator, Photon Cannon  
  180  14:07  Disruptor (Chrono Boost)  
  180  14:09  Gateway  
  183  14:10  Gateway  
  183  14:12  Zealot  
  183  14:13  Gateway  
  183  14:15  Pylon  
  183  14:19  Zealot x2  
  183  14:20  Zealot x2  
  185  14:30  Disruptor  
  180  14:36  Disruptor  
  175  14:39  Probe  
  175  14:40  Dark Templar x2  
  175  14:41  Dark Templar x2  
  183  14:49  Zealot x3  
  174  15:05  Zealot x2  
  174  15:07  Disruptor, Observer  
  173  15:15  Zealot  
  173  15:20  Disruptor  
  173  15:21  Zealot x3  
  166  15:26  Probe  
  167  15:31  Probe  
  167  15:32  Dark Templar x3  
  167  15:33  Dark Templar  
  176  15:37  Pylon  
  176  15:43  Observer  
  176  15:45  Zealot x4  
  176  15:49  Nexus  
  181  15:54  Pylon  
  181  15:55  Disruptor  
  180  16:04  Disruptor  
  146  16:31  Disruptor (Chrono Boost)  
  149  16:39  Disruptor (Chrono Boost)  
  122  16:44  Probe  
  122  16:45  Zealot x4  
  122  16:46  Zealot x3  
  116  16:52  Probe  
  117  16:54  Photon Cannon  
  117  16:55  Photon Cannon  
  117  16:57  Photon Cannon  
  117  16:59  Photon Cannon  
  117  17:00  Shield Battery  
  113  17:01  Pylon  
  113  17:06  Disruptor (Chrono Boost), Stalker x2  
  113  17:07  Stalker x5  
  113  17:08  Stalker x3  
  134  17:13  Disruptor (Chrono Boost)  
  139  17:27  Disruptor (Chrono Boost)  
  139  17:30  Dark Templar x2  
  139  17:35  Stalker  
  139  17:36  Stalker x2  
  149  17:41  Zealot x2  
  149  17:42  Zealot x3  
  151  17:58  Disruptor  
  139  18:03  Nexus  
  140  18:06  Zealot  
  140  18:07  Zealot x3, Dark Templar  
  140  18:08  Zealot  
  150  18:13  Disruptor  
  153  18:22  Pylon, Stalker x2  
  155  18:36  Stalker x2  
  155  18:37  Stalker x2  
  163  18:45  Zealot x4  
  161  18:53  Disruptor  
  157  19:05  Zealot x3  
  157  19:06  Dark Templar x2  
  148  19:26  Stalker x3  
  148  19:30  Observer  
  148  19:31  Observer  
  146  19:51  Dark Templar x3  
  148  19:55  Stalker x3  
  154  20:02  Probe  
  155  20:07  Disruptor  
  152  20:16  Disruptor (Chrono Boost)  
  149  20:26  Zealot x3  
  149  20:27  Zealot  
  155  20:30  Probe  
  155  20:35  Probe  
  144  20:36  Dark Templar  
  144  20:38  Zealot x3  
  144  20:40  Probe  
  153  20:42  Assimilator  
  153  20:45  Observer (Chrono Boost)  
  153  20:46  Assimilator  
  154  21:01  Zealot x5  
  154  21:04  Zealot x4  
  166  21:09  Probe  
  173  21:16  Disruptor  
  170  21:30  Stalker x3  
  174  21:40  Photon Cannon  
  174  21:47  Photon Cannon  
  174  21:50  Photon Cannon  
  174  21:51  Pylon, Stalker x2  
  178  21:58  Zealot, Dark Templar  
  182  22:11  Dark Templar  
  184  22:26  Disruptor  
  184  22:27  Nexus  
  177  22:36  Zealot  
  154  22:37  Zealot x2  
  154  22:38  Zealot x2  
  154  22:42  Zealot x2  
  154  22:43  Zealot x2  
  128  23:00  Disruptor (Chrono Boost)  
  123  23:07  Observer (Chrono Boost)  
  123  23:08  Stalker x5  
  134  23:13  Dark Templar  
  136  23:22  Dark Templar  
  136  23:27  Stalker x2  
  138  23:32  Pylon  
  140  23:34  Observer  
  140  23:35  Disruptor  
  141  23:52  Zealot  
  141  23:53  Zealot x5  
  141  23:54  Dark Templar  
  141  23:55  Zealot  
  155  24:03  Dark Templar  
  155  24:21  Disruptor  
  158  24:29  Stalker x4  
  163  24:33  Assimilator  
  149  24:39  Assimilator  
  149  24:43  Zealot  
  149  24:44  Zealot x5  
  130  25:10  Disruptor  
  130  25:12  Zealot x6  
  130  25:13  Zealot x3  
  147  25:14  Observer  
  135  25:24  Zealot  
  135  25:27  Probe  
  134  25:30  Photon Cannon  
  134  25:33  Zealot  
  134  25:34  Zealot x2, Photon Cannon  
  133  25:36  Shield Battery  
  133  25:38  Dark Templar x2, Photon Cannon  
  125  25:43  Zealot x2  
  125  25:44  Zealot x2  
  115  25:51  Observer x2  
  108  26:01  Disruptor (Chrono Boost)  
  108  26:03  Zealot x3  
  115  26:08  Probe  
  114  26:15  Zealot x2  
  114  26:17  Disruptor (Chrono Boost)  
  114  26:25  Probe  
  118  26:30  Pylon  
  118  26:31  Observer (Chrono Boost)  
  119  26:44  Dark Templar  
  121  26:49  Dark Templar x2  
  121  26:50  Zealot  
  127  27:07  Disruptor  
  128  27:23  Stalker  
  128  27:24  Stalker x3  
  133  27:42  Stalker x4  
  132  28:11  Observer  
  96  28:13  Disruptor  
  83  28:26  Nexus  
  83  28:27  Pylon  
  81  28:34  Stalker x4  
  81  28:35  Stalker x2  
  93  28:42  Dark Templar  
  95  28:58  Disruptor  
  98  29:05  Zealot x3  
  95  29:19  Nexus  
  93  29:34  Dark Templar  
  93  29:36  Disruptor  
  96  29:39  Stalker  
  96  29:41  Stalker  
  100  29:58  Stalker x4  
  106  30:11  Nexus  
  106  30:13  Disruptor (Chrono Boost)  
  109  30:29  Stalker x2  
  109  30:30  Stalker  
  110  30:38  Zealot  
  110  30:39  Zealot  
  114  30:47  Photon Cannon  
  114  30:49  Shield Battery  
  114  30:54  Disruptor (Chrono Boost)  
  117  30:59  Disruptor  
  116  31:04  Zealot x4  
  116  31:05  Zealot x2  
  121  31:18  Zealot  
  121  31:19  Zealot x2  
  121  31:24  Dark Templar  
  117  31:29  Dark Templar  
  117  31:32  Dark Templar  
  114  31:35  Zealot  
  108  31:44  Disruptor  
  92  32:00  Disruptor  
  79  32:05  Observer  
  79  32:10  Zealot x4  
  65  32:41  Nexus  
  59  33:03  Probe  
  54  33:16  Stalker  
  54  33:17  Stalker  
Show
View Real Time Build Order
Export as new Build Order

Nina Protoss - Winner!

Build Orders: Oracle Opening 

Get SALT Encoding   

  12  0:00  Probe  
  13  0:12  Probe  
  14  0:17  Pylon  
  14  0:24  Probe (Chrono Boost)  
  15  0:37  Gateway, Probe (Chrono Boost)  
  16  0:45  Probe (Chrono Boost)  
  16  0:46  Assimilator  
  17  0:51  Probe  
  17  0:55  Assimilator  
  18  1:03  Probe (Chrono Boost)  
  19  1:08  Gateway  
  19  1:13  Probe (Chrono Boost)  
  19  1:18  Probe (Chrono Boost)  
  20  1:24  Cybernetics Core  
  21  1:29  Probe  
  22  1:34  Pylon  
  22  1:41  Probe  
  23  1:53  Probe  
  24  1:59  Unknown  
  24  2:00  Unknown x2  
  24  2:01  Stalker x2  
  24  2:02  Warp Gate  
  29  2:08  Probe  
  29  2:12  Pylon  
  29  2:17  Pylon  
  29  2:22  Probe  
  30  2:34  Stalker x2  
  34  2:43  Pylon  
  34  3:01  Stargate  
  34  3:10  Nexus  
  34  3:16  Shield Battery  
  34  3:18  Probe  
  35  3:30  Probe  
  36  3:38  Twilight Council  
  36  3:41  Oracle (Chrono Boost)  
  36  3:43  Probe  
  40  3:53  Stalker  
  40  3:55  Probe  
  43  4:04  Stalker  
  46  4:16  Pylon  
  45  4:20  Probe  
  45  4:21  Oracle (Chrono Boost)  
  49  4:26  Gateway  
  49  4:28  Probe  
  50  4:32  Stalker  
  50  4:34  Probe  
  53  4:41  Probe  
  54  4:46  Probe  
  54  4:51  Stalker  
  57  4:53  Probe  
  57  4:55  Blink (Chrono Boost)  
  57  4:56  Gateway  
  57  4:59  Probe  
  59  5:05  Probe  
  60  5:11  Probe  
  61  5:18  Probe  
  62  5:22  Pylon  
  62  5:24  Pylon  
  62  5:33  Gateway  
  62  5:34  Gateway  
  62  5:40  Probe (Chrono Boost)  
  62  5:42  Forge  
  64  5:43  Probe (Chrono Boost)  
  64  5:44  Stalker  
  64  5:48  Stalker  
  68  5:52  Probe (Chrono Boost)  
  68  5:57  Probe (Chrono Boost)  
  70  5:58  Probe (Chrono Boost)  
  70  6:00  Assimilator  
  70  6:03  Pylon  
  71  6:04  Probe  
  71  6:07  Pylon, Probe  
  71  6:10  Assimilator  
  73  6:13  Protoss Ground Weapons Level 1 (Chrono Boost)  
  73  6:14  Stalker  
  73  6:17  Probe  
  76  6:19  Probe  
  76  6:24  Gateway  
  77  6:27  Gateway  
  77  6:29  Probe  
  77  6:31  Probe  
  79  6:36  Photon Cannon  
  79  6:38  Stalker  
  79  6:39  Stalker  
  83  6:46  Stalker  
  85  6:51  Photon Cannon  
  85  7:01  Nexus  
  85  7:16  Stalker x3  
  85  7:17  Stalker  
  93  7:23  Robotics Facility  
  93  7:41  Stalker  
  93  7:43  Probe  
  94  7:46  Pylon  
  94  7:56  Pylon  
  94  7:59  Pylon, Probe x2  
  86  8:06  Stalker x6  
  86  8:11  Probe x2  
  100  8:13  Observer  
  101  8:24  Probe  
  101  8:25  Probe  
  101  8:27  Probe  
  101  8:28  Protoss Ground Weapons Level 2  
  101  8:31  Robotics Bay  
  101  8:32  Photon Cannon  
  102  8:42  Stalker x2  
  102  8:45  Probe x2  
  108  8:55  Stalker x3  
  108  8:57  Probe  
  108  9:00  Assimilator  
  115  9:04  Assimilator  
  115  9:07  Photon Cannon  
  115  9:11  Robotics Facility  
  115  9:13  Observer (Chrono Boost)  
  116  9:24  Photon Cannon  
  113  9:25  Phoenix (Chrono Boost), Photon Cannon  
  115  9:31  Stalker x3  
  115  9:35  Observer (Chrono Boost)  
  122  9:44  Stalker x3  
  122  9:45  Pylon  
  128  9:51  Disruptor (Chrono Boost)  
  134  10:09  Pylon  
  134  10:10  Pylon  
  134  10:13  Disruptor (Chrono Boost)  
  134  10:15  Stalker x2  
  134  10:16  Stalker  
  140  10:25  Observer  
  140  10:30  Pylon x2  
  140  10:34  Pylon  
  135  10:37  Pylon  
  135  10:41  Disruptor (Chrono Boost), Stalker x3  
  135  10:42  Disruptor (Chrono Boost), Stalker x2  
  149  10:57  Photon Cannon  
  149  11:00  Shield Battery, Dark Shrine  
  149  11:13  Disruptor (Chrono Boost)  
  149  11:16  Disruptor (Chrono Boost)  
  154  11:19  Protoss Ground Weapons Level 3 (Chrono Boost)  
  154  11:26  Nexus  
  154  11:28  Pylon  
  154  11:30  Pylon  
  154  11:37  Pylon  
  154  11:43  Disruptor  
  154  11:46  Shield Battery  
  157  11:49  Photon Cannon  
  157  11:50  Photon Cannon  
  157  11:51  Disruptor  
  160  11:54  Photon Cannon  
  160  12:00  Robotics Facility  
  160  12:02  Gateway  
  160  12:06  Gateway  
  160  12:16  Shadow Stride  
  160  12:20  Observer  
  161  12:27  Disruptor  
  164  12:41  Observer  
  165  12:51  Disruptor  
  168  12:57  Probe  
  169  13:02  Disruptor  
  169  13:03  Disruptor  
  175  13:14  Dark Templar x3  
  175  13:16  Zealot x5  
  179  13:26  Disruptor  
  182  13:37  Disruptor  
  182  13:38  Disruptor  
  184  13:41  Probe  
  184  13:42  Probe  
  184  13:44  Assimilator  
  184  13:46  Dark Templar  
  184  13:47  Photon Cannon  
  184  13:48  Zealot x4, Assimilator  
  196  13:50  Charge (Chrono Boost)  
  196  13:51  Pylon  
  196  13:55  Probe  
  196  14:01  Photon Cannon  
  198  14:03  Observer  
  198  14:09  Pylon  
  198  14:13  Disruptor  
  200  14:24  Observer  
  200  14:30  Disruptor  
  197  14:33  Dark Templar  
  196  14:45  Observer  
  196  14:49  Disruptor (Chrono Boost)  
  195  15:06  Disruptor (Chrono Boost)  
  143  15:15  Disruptor (Chrono Boost)  
  119  15:23  Stalker x8  
  119  15:28  Disruptor (Chrono Boost)  
  131  15:29  Nexus  
  131  15:30  Pylon  
  131  15:40  Disruptor (Chrono Boost)  
  136  15:45  Disruptor (Chrono Boost), Nexus  
  135  15:50  Disruptor  
  135  15:51  Nexus  
  135  15:56  Dark Templar x2  
  142  15:57  Zealot x4  
  142  15:58  Zealot x2  
  125  16:20  Dark Templar, Stalker  
  125  16:21  Dark Templar  
  125  16:22  Zealot x2  
  125  16:23  Probe x2  
  123  16:28  Dark Templar  
  119  16:37  Probe  
  117  16:41  Probe  
  117  16:43  Probe  
  117  16:44  Disruptor  
  119  16:48  Probe  
  119  16:49  Probe  
  119  16:53  Probe  
  119  16:54  Photon Cannon  
  121  16:55  Probe  
  121  16:56  Disruptor, Photon Cannon  
  125  17:02  Probe  
  125  17:04  Probe  
  125  17:05  Photon Cannon  
  125  17:06  Probe  
  125  17:07  Probe  
  125  17:08  Photon Cannon  
  129  17:15  Dark Templar, Probe  
  132  17:16  Probe  
  132  17:18  Pylon  
  132  17:19  Probe x2  
  132  17:20  Probe x2  
  137  17:24  Observer  
  137  17:27  Probe  
  137  17:29  Dark Templar x2  
  140  17:41  Probe  
  140  17:43  Pylon  
  141  17:44  Probe  
  141  17:46  Probe, Pylon  
  141  18:02  Disruptor  
  144  18:13  Dark Templar x4  
  144  18:15  Probe  
  144  18:16  Probe  
  144  18:18  Photon Cannon  
  144  18:19  Photon Cannon  
  154  18:20  Probe  
  154  18:21  Photon Cannon, Probe  
  154  18:24  Photon Cannon  
  156  18:27  Zealot x3, Shield Battery  
  156  18:30  Assimilator  
  156  18:32  Assimilator  
  162  18:37  Zealot  
  164  18:42  Pylon  
  158  18:49  Probe  
  158  18:50  Pylon, Probe  
  160  19:06  Stalker x6  
  168  19:14  Disruptor  
  156  19:23  Disruptor  
  157  19:27  Stalker x2  
  157  19:29  Zealot  
  157  19:30  Zealot x5  
  173  19:32  Photon Cannon  
  173  19:34  Disruptor, Observer  
  173  19:36  Photon Cannon  
  176  19:46  Observer  
  176  19:49  Disruptor  
  176  19:52  Zealot, Dark Templar x5  
  184  19:54  Probe  
  184  19:59  Disruptor  
  190  20:19  Pylon  
  190  20:21  Assimilator, Pylon  
  190  20:24  Assimilator  
  190  20:34  Nexus  
  178  20:38  Nexus  
  162  20:46  Stalker x5  
  162  20:47  Stalker x2  
  174  20:52  Disruptor  
  174  20:58  Disruptor  
  174  21:08  Pylon  
  174  21:10  Dark Templar, Pylon  
  178  21:31  Dark Templar  
  178  21:33  Zealot x2  
  178  21:34  Zealot x4  
  178  21:46  Dark Templar  
  169  21:49  Observer, Photon Cannon  
  169  21:54  Zealot x3  
  169  21:55  Zealot x2  
  169  21:57  Photon Cannon x2  
  169  22:00  Pylon x2  
  179  22:08  Observer x2  
  181  22:11  Dark Templar x2  
  185  22:19  Photon Cannon  
  185  22:21  Photon Cannon  
  185  22:22  Dark Templar  
  187  22:23  Dark Templar x2  
  187  22:25  Photon Cannon  
  187  22:26  Photon Cannon  
  183  22:32  Dark Templar  
  143  23:01  Disruptor  
  138  23:06  Stalker x5  
  138  23:07  Stalker x3  
  138  23:10  Probe  
  138  23:11  Probe x2  
  157  23:25  Probe  
  158  23:29  Dark Templar x3  
  158  23:30  Zealot x3  
  170  23:34  Observer  
  170  23:37  Zealot  
  172  23:46  Nexus  
  162  23:55  Pylon  
  158  23:56  Pylon  
  158  23:58  Stalker x5  
  158  23:59  Disruptor x2  
  174  24:07  Stalker x3  
  174  24:26  Disruptor  
  174  24:30  Dark Templar x2  
  177  24:32  Zealot x5  
  177  24:34  Disruptor  
  177  24:37  Pylon  
  160  24:47  Disruptor  
  160  24:48  Zealot  
  160  24:50  Probe  
  162  25:02  Dark Templar x2  
  162  25:04  Zealot x5  
  143  25:08  Disruptor  
  113  25:25  Dark Templar  
  113  25:27  Zealot x2  
  113  25:39  Dark Templar x2  
  108  25:58  Disruptor (Chrono Boost)  
  108  26:01  Probe  
  108  26:03  Assimilator x2  
  102  26:07  Disruptor (Chrono Boost)  
  102  26:10  Zealot x6  
  102  26:22  Probe  
  102  26:25  Probe  
  104  26:26  Probe  
  104  26:32  Stalker x6  
  111  26:49  Zealot x2  
  111  26:51  Disruptor  
  118  26:58  Zealot x5  
  122  27:01  Zealot  
  122  27:06  Disruptor  
  126  27:15  Zealot  
  126  27:16  Zealot  
  126  27:22  Stalker x3  
  132  27:28  Disruptor  
  132  27:33  Zealot x2  
  131  27:39  Disruptor  
  131  27:42  Zealot x2  
  131  27:43  Probe  
  139  27:49  Zealot  
  137  27:53  Disruptor  
  107  28:17  Pylon  
  103  28:20  Pylon  
  103  28:24  Probe  
  103  28:25  Probe  
  105  28:35  Disruptor, Probe  
  105  28:36  Disruptor  
  105  28:37  Disruptor  
  105  28:40  Probe x4  
  119  28:49  Probe  
  120  28:58  Dark Templar, Photon Cannon  
  116  29:12  Disruptor (Chrono Boost)  
  116  29:15  Dark Templar  
  116  29:16  Zealot  
  123  29:17  Disruptor (Chrono Boost)  
  123  29:18  Zealot  
  125  29:26  Probe x2  
  125  29:28  Probe  
  128  29:32  Photon Cannon  
  128  29:43  Observer  
  128  29:48  Nexus  
  128  30:01  Observer  
  128  30:18  Stalker x5  
  138  30:39  Observer, Stalker x3  
  144  30:51  Observer x2  
  140  31:09  Stalker x5  
  143  31:15  Observer  
  117  31:39  Dark Templar  
  117  31:41  Dark Templar x2  
  113  32:18  Observer  
  94  33:22  Observer  
  94  33:30  Pylon  
  91  33:55  Dark Templar  
  93  34:00  Pylon  
  93  34:13  Nexus  
  93  34:25  Observer x2  
  90  34:52  Observer  
  85  36:03  Observer  

Tags
 
Add a new tag
Caveats
  • Supply blocks, unpowered buildings, or Contaminate may cause inaccurate times.
  • Supply counts are checked every 10 seconds.